AoeStats
← sebas4fr

Lombardia

509723782Analyzed
4v4 RM · 5d ago on Sep 27, 2026· 71m 24s· 8 players
Game mode
Random Map
Map size
Large (8 player)
Population
200
Speed
Normal
Resources
Standard
Victory
Conquest
Starting age
Dark Age
Ending age
Imperial Age
RankedLock teamsTeams togetherTeam positionsShared explorationLock speedFull tech treeHidden civsTurbo modeCheats
Victory
Defeat
🇵🇱 Turks · Poland
1073
+15
🇩🇰 Saxons · Denmark
1055
+16
🇨🇦 Varangians · Canada
1033
+17
🇮🇹 Mapuche · Italy
1012
+17
🇹🇷 Hindustanis · Türkiye
1198
-22
🇹🇷 Burgundians · Türkiye
1014
-15
🇹🇷 Cumans · Türkiye
991
-14
🇹🇼 Spanish · Taiwan
988
-14
sebas4fr
3:40 Loom
10:48 Feudal Age
14:24 Castle Age
14:27 Double-Bit Axe
14:25 Horse Collar
17:13 Wheelbarrow
23:10 Hand Cart
24:33 Squires
24:21 Gambesons
24:22 Arson
25:49 Pikeman
26:44 Forging
27:10 Scale Mail Armor
40:04 Iron Casting
40:22 Fortified Wall
40:34 Ballistics
39:56 Treadmill Crane
41:49 Chain Mail Armor
50:31 Town Watch
51:38 Bloodlines
53:29 Caravan
54:35 Town Patrol
58:07 Imperial Age
56:03 Masonry
56:53 Heavy Plow
57:08 Bow Saw
59:49 Blast Furnace
59:19 Plate Mail Armor
59:23 Conscription
58:57 Elite Varangian Guard
59:23 Gothikon
60:13 Halberdier
70:11 Chemistry
69:32 Ballistics
69:43 Architecture
69:18 Siege Engineers
Northlander
4:12 Loom
11:25 Feudal Age
12:17 Double-Bit Axe
18:29 Castle Age
16:51 Town Watch
17:03 Horse Collar
19:27 Scale Mail Armor
21:42 Town Watch
24:43 Heavy Plow
31:55 Imperial Age
31:00 Pikeman
31:27 Gambesons
32:28 Squires
32:14 Arson
33:09 Elite Hearth Troop
34:55 Forging
36:26 Iron Casting
37:00 Gold Mining
36:48 Halberdier
38:05 Chain Mail Armor
38:24 Town Patrol
40:53 Shield Wall
42:43 Wheelbarrow
43:25 Plate Mail Armor
45:55 Caravan
46:56 Fletching
50:39 Conscription
51:45 Chemistry
52:36 Bow Saw
52:44 Hand Cart
54:49 Bodkin Arrow
54:51 Elite Varangian Guard
57:36 Two-Man Saw
58:16 Crop Rotation
61:17 Gold Shaft Mining
60:32 Stone Mining
62:52 Murder Holes
65:30 Clerical Recruitment
70:33 Man-at-Arms
70:39 Man-at-Arms
Player
11:27 Feudal Age
12:13 Double-Bit Axe
15:28 Castle Age
16:56 Bow Saw
19:57 Horse Collar
21:24 Wheelbarrow
23:16 Loom
23:39 Heavy Plow
23:54 Stone Mining
25:48 Gold Mining
27:15 Hand Cart
26:47 Town Watch
28:52 Caravan
30:13 Gold Shaft Mining
32:40 Imperial Age
31:33 Ballistics
31:14 Fletching
31:25 Padded Archer Armor
31:35 Forging
31:31 Scale Barding Armor
31:50 Sipahi
32:16 Bloodlines
32:08 Husbandry
33:05 Bodkin Arrow
32:45 Heavy Cavalry Archer
33:50 Parthian Tactics
34:57 Bracer
35:33 Iron Casting
37:45 Artillery
38:06 Conscription
39:08 Blast Furnace
38:29 Leather Archer Armor
43:16 Heavy Camel Rider
44:21 Chain Barding Armor
44:32 Ring Archer Armor
44:59 Elite Janissary
50:25 Plate Barding Armor
60:13 Two-Man Saw
wallacebru
4:08 Loom
14:22 Feudal Age
18:20 Castle Age
17:45 Double-Bit Axe
19:18 Forging
19:10 Scale Mail Armor
19:21 Horse Collar
21:18 Wheelbarrow
28:14 Iron Casting
27:55 Chain Mail Armor
34:06 Imperial Age
33:50 Heavy Plow
34:05 Bow Saw
33:48 Gold Mining
33:42 Pikeman
35:54 Blast Furnace
34:29 Halberdier
35:45 Caravan
36:50 Conscription
37:11 Hand Cart
38:51 Arson
41:02 Elite Kona
44:12 Plate Mail Armor
44:01 Butalmapu
47:01 Champi Runner
48:12 Champi Warrior
49:22 Elite Champi Warrior
64:32 Capped Ram
67:32 Hoardings
Cerrahpaşalı Halit
10:48 Feudal Age
13:30 Double-Bit Axe
18:50 Castle Age
18:28 Loom
19:55 Cavalier
24:41 Forging
25:12 Husbandry
25:42 Scale Barding Armor
25:55 Bow Saw
25:30 Horse Collar
27:52 Chain Barding Armor
29:27 Iron Casting
36:18 Imperial Age
33:40 Treadmill Crane
37:04 Wheelbarrow
36:38 Paladin
37:40 Heavy Plow
37:52 Bow Saw
39:13 Plate Barding Armor
39:39 Blast Furnace
48:40 Chemistry
49:28 Padded Archer Armor
49:18 Fletching
49:54 Elite Skirmisher
51:08 Bodkin Arrow
54:45 Leather Archer Armor
54:30 Bracer
58:35 Ballistics
63:54 Light Cavalry
64:48 Hussar
zeron
0:29 Loom
12:30 Feudal Age
13:27 Double-Bit Axe
13:34 Horse Collar
16:25 Castle Age
18:26 Bow Saw
21:19 Heavy Plow
23:14 Town Watch
24:10 Wheelbarrow
27:09 Scale Barding Armor
27:14 Forging
28:32 Caravan
29:20 Gold Mining
31:20 Chain Barding Armor
31:37 Iron Casting
33:34 Imperial Age
31:18 Husbandry
31:28 Bloodlines
31:51 Bloodlines
33:51 Grand Trunk Road
33:57 Heavy Camel Rider
35:48 Chemistry
35:00 Masonry
35:47 Plate Barding Armor
36:12 Blast Furnace
34:50 Light Cavalry
36:14 Fortified Wall
36:26 Thumb Ring
36:50 Imperial Camel Rider
38:28 Coinage
38:55 Conscription
38:01 Hussar
40:19 Scale Mail Armor
40:42 Elite Skirmisher
47:54 Padded Archer Armor
49:46 Fletching
50:11 Leather Archer Armor
51:27 Two-Man Saw
51:44 Ballistics
53:02 Bodkin Arrow
53:37 Ring Archer Armor
54:49 Bracer
Oguzhan06
12:03 Feudal Age
13:13 Double-Bit Axe
13:15 Horse Collar
24:17 Castle Age
22:15 Gold Mining
24:03 Stone Mining
25:43 Gold Shaft Mining
25:37 Bow Saw
25:46 Heavy Plow
26:50 Scale Barding Armor
26:46 Scale Mail Armor
26:53 Caravan
27:37 Wheelbarrow
28:31 Bloodlines
29:27 Chain Barding Armor
31:30 Chain Mail Armor
32:11 Forging
36:26 Imperial Age
34:15 Hand Cart
33:46 Loom
35:07 Ballistics
36:05 Town Watch
36:44 Elite Steppe Lancer
38:09 Plate Mail Armor
37:19 Elite Steppe Lancer
38:41 Plate Barding Armor
38:42 Iron Casting
39:33 Chemistry
41:06 Town Patrol
43:49 Crop Rotation
46:53 Blast Furnace
51:58 Pikeman
52:41 Squires
53:24 Halberdier
64:07 Steppe Husbandry
yellowpig
0:33 Loom
11:48 Feudal Age
12:30 Double-Bit Axe
12:29 Horse Collar
19:21 Castle Age
19:23 Bloodlines
20:15 Bow Saw
20:22 Heavy Plow
21:27 Husbandry
27:47 Fortified Wall
27:58 Ballistics
29:42 Scale Barding Armor
29:48 Forging
29:28 Fletching
29:39 Padded Archer Armor
33:07 Caravan
37:24 Imperial Age
34:25 Pikeman
35:18 Squires
36:54 Chain Barding Armor
36:40 Scale Mail Armor
37:47 Cavalier
38:52 Conscription
39:40 Wheelbarrow
39:23 Halberdier
40:33 Chain Mail Armor
Connection lost

Rejoining the realm…

Still unreachable

The connection could not be restored.

Session expired

The server has moved on; the page needs a fresh start.